 Dungeon Crawl Stone Soup version 0.20.1-1-g8b1a95d (webtiles) character file.

62 Irenicus the Grave Robber (level 3, -3/28 HPs)
             Began as a Deep Dwarf Necromancer on Oct 26, 2017.
             Slain by Grinder (5 damage)
             ... while paralysed by Grinder
             ... on level 2 of the Dungeon.
             The game lasted 00:08:02 (1399 turns).

Irenicus the Grave Robber (Deep Dwarf Necromancer)  Turns: 1399, Time: 00:08:03

Health: -3/28      AC:  2    Str: 11    XL:     3   Next: 85%
Magic:  7/7        EV:  2    Int: 15    God:
Gold:   83         SH:  0    Dex: 14    Spells: 4/8 levels left

rFire    + . .     SeeInvis .   d - +0 short sword
rCold    . . .     Gourm    .   (no shield)
rNeg     . . .     Faith    .   a - +0 robe
rPois    .         Spirit   .   (no helmet)
rElec    .         Reflect  .   (no cloak)
rCorr    .         Harm     .   (no gloves)
MR       .....                  (no boots)
Stlth    ++........             (no amulet)
Regen    0.0/turn               h - ring of protection from fire
MPRegen  0.1/turn               (no ring)

@: paralysed, very slightly contaminated, non-regenerating, invisible
A: damage resistance, heal wounds, sense surroundings 1, no regeneration
a: Heal Wounds


You were on level 2 of the Dungeon.
You were hungry.

You visited 1 branch of the dungeon, and saw 3 of its levels.

You collected 83 gold pieces.

Inventory:

Hand Weapons
 d - a +0 short sword (weapon)
Armour
 a - a +0 robe (worn)
Jewellery
 h - a ring of protection from fire (left hand)
Scrolls
 e - 2 scrolls of immolation {unknown}
 j - a scroll of enchant armour {unknown}
 k - a scroll of identify {unknown}
 m - 2 scrolls of recharging {unknown}
 n - 3 scrolls of remove curse {unknown}
Potions
 i - a potion of haste
 q - a potion of cancellation
Books
 b - a book of Necromancy

   Spells                             Type                      Level
   a - Pain                           Necromancy                   1
   b - Animate Skeleton               Necromancy                   1
   c - Vampiric Draining              Necromancy                   3
   d - Regeneration                   Charms/Necromancy            3
   e - Animate Dead                   Necromancy                   4
   f - Control Undead                 Necromancy                   4
Comestibles
 c - 2 bread rations
 l - a meat ration
 p - 4 fruits


   Skills:
 - Level 2.1 Dodging
 - Level 2.4 Stealth
 + Level 3.1 Spellcasting
 - Level 5.0 Necromancy


You had 4 spell levels left.
You knew the following spells:

 Your Spells              Type           Power        Failure   Level  Hunger
a - Pain                  Necr           ###.         2%          1    #......
b - Vampiric Draining     Necr           ###.......   8%          3    ###....


Dungeon Overview and Level Annotations

Branches:
Dungeon (3/15)

Altars:
Nemelex Xobeh
Qazlal

Annotations:
D:2 Grinder


Innate Abilities, Weirdness & Mutations

You are resistant to damage.
You can heal yourself by infusing magical energy.
You passively map a small area around you.
You do not regenerate.


Message History

It was a potion of cancellation.
Your magical effects are unravelling.
You feel magically purged.
You float gracefully downwards.
Grinder hits you!
You writhe in agony.
Grinder closely misses you.
It was a potion of invisibility.
You fade into invisibility!
Grinder barely misses you.
You are very lightly contaminated with residual magic.
Okay, then.
You aren't carrying any items that you can evoke.
Okay, then.
You closely miss Grinder.
Grinder is lightly wounded.
Grinder hits you.
You writhe in agony.
Grinder gestures at you.
You suddenly lose the ability to move!
Grinder hits you!
* * * LOW HITPOINT WARNING * * *
Grinder hits you!
You die...

##.#.#####.#
...........#
##.#.###...## #####
##.#<##.....####...#
...#........._.....#
#######............#
# ##....#####.## #
#######.#####5# #
#.....#.##..@.# #
#..<..#.##.##.# #
#.....#.##.##.# #
#.....#.......# #
#.....####.#### #
###.#### #.# #
#....# #.### #
####.# #...# ## #.#
###.#


You could see Grinder.

Vanquished Creatures
  A worm (D:2)
  A leopard gecko (D:2)
  2 giant cockroaches
  2 goblins (D:1)
  13 hobgoblins
  7 jackals
  5 bats
  3 frilled lizards
  9 kobolds
  10 rats
53 creatures vanquished.

Notes
Turn   | Place    | Note
-------+----------+-------------------------------------------
     0 | D:1      | Irenicus the Deep Dwarf Necromancer began the quest for the Orb.
     0 | D:1      | Reached XP level 1. HP: 15/15 MP: 3/3
   282 | D:1      | Reached XP level 2. HP: 22/22 MP: 2/4
   300 | D:1      | Reached skill level 5 in Necromancy
   579 | D:1      | Reached XP level 3. HP: 26/28 MP: 0/6
   808 | D:2      | Learned a level 3 spell: Vampiric Draining
   860 | D:2      | Found a sparkling altar of Nemelex Xobeh.
  1040 | D:2      | Found a stormy altar of Qazlal.
  1306 | D:3      | Noticed an ogre
  1390 | D:3      | Noticed Grinder
  1398 | D:2      | Paralysed by Grinder for 6 turns
  1399 | D:2      | Slain by Grinder

Skill      XL: |  1  2  3 |
---------------+----------+-----
Necromancy     | 5 |  5.0
Spellcasting   | 2 3 |  3.1
Dodging        | |  2.1
Stealth        | |  2.4

Action                   || total
-------------------------++-------
Melee: Short sword       ||    47
 Cast: Pain              ||    75
       Vampiric Draining ||     1
  Use: Potion            ||     3
 Stab: Sleeping          ||     3
  Eat: Chunk             ||     2
Armor: Robe              ||     4
Dodge: Dodged            ||    40
